 Dungeon Crawl Stone Soup version 0.26-a0-259-g1effd001a9 (webtiles) character file.

Game seed: 10297029390086390761

13126 Lugonue the Quickloader (level 11, -16/148 (150) HPs)
             Began as a Minotaur Hunter on July 22, 2020.
             Was a High Priest of Wu Jian.
             Demolished by a death ooze (24 damage)
             ... in a Gauntlet.
             The game lasted 00:27:16 (13047 turns).

Lugonue the Quickloader (Minotaur Hunter)          Turns: 13047, Time: 00:27:16

HP:   -16/148 (150) AC:  8    Str: 20    XL:     11   Next: 71%
MP:   10/10         EV: 13    Int:  8    God:    Wu Jian [*****.]
Gold: 736           SH:  0    Dex: 11    Spells: 10/10 levels left

rFire    + + .     SeeInvis .   b - +4 long sword
rCold    + . .     Faith    .   (no shield)
rNeg     . . .     Spirit   .   r - +0 scale mail
rPois    +         Reflect  .   (helmet restricted)
rElec    +         Harm     .   E - +0 cloak
rCorr    +         NoTele   +   c - +1 pair of gloves
MR       .....                  (no boots)
Stlth    ..........             t - amulet of regeneration
HPRegen  0.74/turn              B - ring of protection from fire
MPRegen  0.12/turn              (no ring)

@: berserking, resistant, corroded, stab, hasted, very quick
A: retaliatory headbutt, horns 2
a: Wall Jump, Serpent's Lash, Heavenly Storm, Renounce Religion


You were in a Gauntlet.
You worshipped Wu Jian.
Wu Jian was extremely pleased with you.
You were not hungry.

You visited 1 branch of the dungeon, and saw 11 of its levels.
You also visited: Sewer and Gauntlet.

You collected 736 gold pieces.

Inventory:

Hand Weapons
 a - a +0 arbalest
 b - a +4 long sword (weapon)
 e - a +0 short sword
 o - a +2 hand crossbow
 y - a +0 dagger of draining
Missiles
 d - 22 bolts
Armour
 c - a +1 pair of gloves (worn)
 r - a +0 scale mail (worn)
 E - a +0 cloak (worn)
 H - the +3 cloak "Meuhaih" {+Blink rF+ rC+ MR++, unknown}
   (You found it in a Gauntlet)

   It protects you from fire.
   It protects you from cold.
   It affects your resistance to hostile enchantments.
   It lets you blink.
 I - a +0 plate armour
Jewellery
 s - the ring of Finality {MP+9 Int+3, unknown}
   (You found it in a Gauntlet)

   [ring of magical power]

   It affects your intelligence (+3).
   It affects your magic capacity (+9).
 t - an amulet of regeneration (around neck)
 B - a ring of protection from fire (left hand)
Wands
 g - a wand of disintegration (18)
 h - a wand of paralysis (2)
 j - a wand of clouds (2)
 D - a wand of flame (6)
 F - a wand of enslavement (4)
 G - a wand of digging (4)
 J - a wand of iceblast (4)
 L - a wand of acid (1)
Scrolls
 l - a scroll of identify
 n - a scroll of teleportation
 q - 2 scrolls of random uselessness
 v - 2 scrolls of remove curse
 x - 5 scrolls of immolation
Potions
 k - 2 potions of flight
 m - a potion of stabbing
 p - 2 potions of curing
 u - a potion of brilliance
 w - a potion of haste
 z - a potion of cancellation
 A - a potion of berserk rage
 C - a potion of lignification
 K - a potion of magic
Comestibles
 f - 37 rations


   Skills:
 + Level 10.2 Fighting
 - Level 3.7(6.9) Short Blades
 + Level 9.8(10.2) Long Blades
 + Level 10.5 Crossbows
 + Level 0.6 Throwing
 + Level 10.4 Armour
 + Level 6.3 Dodging
 + Level 3.4 Stealth
 + Level 2.8 Evocations


You had 10 spell levels left.
You didn't know any spells.
Your spell library contained the following spells:

 Spells                   Type           Power        Failure   Level
 Magic Dart               Conj           #...         71%         1
 Blink                    Tloc           N/A          83%         2
 Call Imp                 Summ           #.......     83%         2
 Slow                     Hex            #.......     83%         2
 Confusing Touch          Hex            #.......     97%         3
 Conjure Flame            Conj/Fire      #.......     97%         3
 Gell's Gravitas          Tloc           #.........   97%         3
 Mephitic Cloud           Conj/Pois/Air  #.......     97%         3
 Petrify                  Tmut/Erth      #.......     100%        4
 Metabolic Englaciation   Hex/Ice        #.........   100%        5
 Yara's Violent Unravell  Hex/Tmut       #.........   100%        5


Dungeon Overview and Level Annotations

Branches:
Dungeon (11/15)            Temple (0/1) D:7            Lair (0/6) D:10
  Sewer (visited)         Gauntlet (1/1)
    Orc: D:9-12

Altars:
Qazlal
Trog
Vehumet
Wu Jian
Jiyva

Annotations:
D:8 sanka's ghost, novice BaIE
D:11 1 transporter Gauntlet 6 transporters, 1 runed translucent door


Innate Abilities, Weirdness & Mutations

You reflexively headbutt those who attack you in melee.
You have a pair of horns on your head.


Message History

Okay, then.
Unknown command.
You slash the jelly! The acid corrodes you!
Your hands burn!
The jelly is severely wounded.
The death ooze hits you!
* * * LOW HITPOINT WARNING * * *
You feel your flesh rotting away! The death ooze hits you!!
* * * LOW HITPOINT WARNING * * *
Okay, then.
Unknown command.
Unknown command.
Evoke which item? (* to show all) (? for menu, Esc to quit)
Okay, then.
Unknown command.
Okay, then.
A red film seems to cover your vision as you go berserk!
You feel yourself moving faster!
You feel mighty!
A large slime creature splits.
The jelly hits you but does no damage. The death ooze hits you!!
You die...

............................
.#########...#########...###
.##.##..##.8.#.......#.8.#..
.#.#..##.#...###.###?#...#.#
##.#.#.#.######...#..#####.#
©##.#©.#©#©.©##.#©#.©#©.©#.#
.#.##.#..#...#..#....#...#.#
.##..##..#...#.###J#.#...#J#
8#.##..###8©8#.J@J...#8©8#J.
############################
............................
⌠8..8∩8..8⌠8...#≈≈≈#≈≈≈#≈≈≈#
..............###≈###≈###≈##
############### ### ## ##
........ .... 8©8 ©8.


You could see a slime creature, a death ooze and a jelly.

Vanquished Creatures
  Snorg (D:11)
  Harold (D:8)
  3 two-headed ogres (D:10)
  An ogre mage (D:10)
  A fire crab (Gauntlet)
  Pikel (D:6)
  An ugly thing (D:10)
  2 centaur skeletons (D:11)
  2 trolls
  Grinder (D:6)
  3 hippogriffs
  A slime creature (D:10)
  A wraith (D:10)
  2 fire bats (Gauntlet)
  A steam dragon (D:9)
  A water moccasin (D:7)
  4 orc warriors
  3 sky beasts
  3 ice beasts
  A black bear (D:9)
  An eye of draining (D:9)
  3 phantoms
  2 ogres
  A lemure (D:6)
  A crocodile (Sewer)
  A big kobold (D:8)
  2 bullfrogs
  Blork the orc (D:6)
  A gnoll sergeant (D:7)
  A water moccasin zombie (D:11)
  A wyvern skeleton (D:10)
  7 scorpions
  9 killer bees
  8 wights
  6 howler monkeys
  A bullfrog zombie (D:6)
  A quasit (D:7)
  5 hounds
  3 orc priests
  8 jellies
  7 orc wizards
  A gnoll shaman (D:5)
  A bullfrog skeleton (D:4)
  3 iguanas
  Terence (D:2)
  11 worker ants
  A killer bee zombie (D:8)
  2 hound zombies
  A hound skeleton (D:10)
  24 gnolls
  A howler monkey zombie (D:10)
  A worker ant zombie (D:5)
  A howler monkey skeleton (D:7)
  14 adders
  2 river rats (D:3)
  3 shadow imps
  A white imp (D:10)
  5 ufetubi
  6 oozes
  3 adder skeletons
  2 adder zombies
  4 worms
  4 dart slugs
  5 leopard geckos
  22 orcs
  6 bats
  6 giant cockroaches
  9 goblins
  10 hobgoblins
  7 jackals
  12 kobolds
  5 quokkas
  A ball python (D:3)
  2 frilled lizards
  A leopard gecko skeleton (D:5)
  8 rats
290 creatures vanquished.

Vanquished Creatures (collateral kills)
  A troll (D:10)
  A black bear (D:10)
2 creatures vanquished.

Vanquished Creatures (others)
  An orc warrior (D:10)
  2 orc wizards (D:7)
3 creatures vanquished.

Grand Total: 295 creatures vanquished

Notes
Turn   | Place    | Note
-------+----------+-------------------------------------------
     0 | D:1      | Lugonue the Minotaur Hunter began the quest for the Orb.
     0 | D:1      | Reached XP level 1. HP: 18/18 MP: 0/0
   274 | D:1      | Reached XP level 2. HP: 16/25 MP: 1/1
   512 | D:1      | Reached skill level 5 in Crossbows
   937 | D:2      | Noticed Terence
   951 | D:2      | Killed Terence
   951 | D:2      | Reached skill level 1 in Armour
   951 | D:2      | Reached XP level 3. HP: 18/30 MP: 2/2
  1443 | D:2      | Reached skill level 1 in Short Blades
  1480 | D:2      | Reached XP level 4. HP: 37/37 MP: 3/3
  2128 | D:3      | Found a glowing drain.
  2160 | Sewer    | Entered a sewer
  2290 | Sewer    | Noticed a crocodile
  2330 | Sewer    | Killed a crocodile
  2330 | Sewer    | Reached skill level 1 in Stealth
  2330 | Sewer    | Reached XP level 5. HP: 15/45 MP: 4/4
  3413 | D:3      | Reached XP level 6. HP: 50/51 MP: 5/5
  3795 | D:3      | Found a faded altar of an unknown god.
  3814 | D:3      | Became a worshipper of the Wu Jian Council
  3814 | D:3      | Reached * piety under Wu Jian
  4627 | D:4      | Noticed an ice beast
  4646 | D:4      | Killed an ice beast
  4646 | D:4      | Reached XP level 7. HP: 27/59 MP: 6/6
  5496 | D:5      | Entered Level 5 of the Dungeon
  5651 | D:5      | Reached skill level 5 in Armour
  5762 | D:5      | Found a bloodstained altar of Trog.
  5814 | D:5      | Reached ** piety under Wu Jian
  6138 | D:6      | Found a stormy altar of Qazlal.
  6201 | D:6      | Reached skill level 5 in Fighting
  6201 | D:6      | Reached XP level 8. HP: 32/68 MP: 7/7
  6905 | D:6      | Noticed Pikel
  6917 | D:6      | Killed Pikel
  7351 | D:6      | Noticed Blork the orc
  7355 | D:6      | Killed Blork the orc
  7391 | D:6      | Noticed Grinder
  7405 | D:6      | Killed Grinder
  7405 | D:6      | Reached XP level 9. HP: 78/78 MP: 8/8
  7663 | D:7      | Found a staircase to the Ecumenical Temple.
  7769 | D:7      | Reached *** piety under Wu Jian
  7889 | D:7      | Reached skill level 1 in Long Blades
  8393 | D:8      | Noticed Harold
  8551 | D:8      | Identified the cursed +1 leather armour of the Gate {rF+
                  | Str+5}
  8556 | D:8      | Reached skill level 5 in Dodging
  8787 | D:8      | Reached **** piety under Wu Jian
  8812 | D:8      | Reached XP level 10. HP: 44/88 MP: 9/9
  9033 | D:8      | Found a runed translucent gate.
  9033 | D:8      | Found a runed translucent gate.
  9033 | D:8      | Noticed sanka's ghost (novice BaIE)
  9034 | D:8      | Found a runed translucent gate.
  9161 | D:8      | Killed Harold
  9161 | D:8      | Reached skill level 5 in Long Blades
  9706 | D:8      | Found a viscous altar of Jiyva.
  9742 | D:8      | Found a radiant altar of Vehumet.
  9906 | D:8      | Found a viscous altar of Jiyva.
 10241 | D:9      | Found a stormy altar of Qazlal.
 11186 | D:10     | Entered Level 10 of the Dungeon
 11269 | D:10     | Reached skill level 10 in Crossbows
 11362 | D:10     | Noticed a cyan ugly thing
 11376 | D:10     | Killed a cyan ugly thing
 11376 | D:10     | Reached skill level 1 in Evocations
 11376 | D:10     | Noticed an ogre mage
 11384 | D:10     | Killed an ogre mage
 11384 | D:10     | Reached XP level 11. HP: 97/97 MP: 10/10
 11438 | D:10     | Noticed a two-headed ogre
 11459 | D:10     | Killed a two-headed ogre
 11532 | D:10     | Reached ***** piety under Wu Jian
 11546 | D:10     | Noticed a two-headed ogre
 11827 | D:10     | Killed a two-headed ogre
 11827 | D:10     | Reached skill level 10 in Armour
 12085 | D:10     | Noticed a two-headed ogre
 12092 | D:10     | Killed a two-headed ogre
 12173 | D:10     | Found a staircase to the Lair.
 12516 | D:11     | Found a transporter.
 12533 | D:11     | Noticed a seven-headed hydra
 12857 | D:11     | Found a gate leading to a gauntlet.
 12858 | D:11     | Noticed Snorg
 12873 | D:11     | Killed Snorg
 12873 | D:11     | Reached skill level 10 in Fighting
 12884 | Gauntlet | Entered a Gauntlet
 12884 | Gauntlet | Found a transporter.
 12884 | Gauntlet | Noticed a sixfirhy
 12900 | Gauntlet | Found a transporter.
 12904 | Gauntlet | Found a transporter.
 12908 | Gauntlet | Found a runed translucent door.
 12908 | Gauntlet | Found a runed translucent door.
 12910 | Gauntlet | Found a transporter.
 12912 | Gauntlet | Found a transporter.
 12916 | Gauntlet | Found a transporter.
 12919 | Gauntlet | Noticed a fire crab
 12924 | Gauntlet | Found a transporter.
 12928 | Gauntlet | Found a transporter.
 12981 | Gauntlet | Found a transporter.
 13005 | Gauntlet | Found a transporter.
 13013 | Gauntlet | Killed a fire crab
 13023 | Gauntlet | Got a twitching iron ring
 13030 | Gauntlet | Noticed a death ooze
 13031 | Gauntlet | Found a transporter.
 13032 | Gauntlet | Found a transporter.
 13032 | Gauntlet | Found a transporter.
 13033 | Gauntlet | Noticed a death ooze
 13035 | Gauntlet | Got a distressingly furry cloak
 13047 | Gauntlet | Demolished by a death ooze

Illustrated notes

Levels and vault maps discovered:
D:1:      psy_arrival_heroes, layout_loops_corners
D:2:      kennysheep_big_flooded_room, layout_loops_cross,
          kennysheep_minor_cross, uniq_terence
D:3:      layout_basic, first_ration, cheibrodos_sewer_entry_sluice,
          chequers_ecumenical_altar_lobes, minmay_vboxes
D:4:      layout_layer_cave
D:5:      layout_rooms, basic_altar, nrook_loot_triangle
D:6:      layout_rooms, basic_altar, serial_bayou_crossing, uniq_blork_the_orc,
          uniq_grinder, uniq_pikel
D:7:      layout_basic, minmay_temple_entry_arrows
D:8:      layout_cave_pools, basic_altar, gammafunk_ghost_ooze,
          hangedman_little_slice_of_home, uniq_harold
D:9:      layout_long_grid, overflow_temple_1_default
D:10:     hangedman_cross_cluster, layout_long_grid
D:11:     gammafunk_cloud_chamber, layout_basic, gauntlet_entry_generic,
          uniq_snorg
Gauntlet: gammafunk_gauntlet_77_escape_option
          [minmay_gauntlet_arena_77_radiant_squares,
          minmay_gauntlet_arena_77_shame_cube, minmay_gauntlet_arena_77_mess,
          minmay_gauntlet_arena_77_broken_ladder,
          minmay_gauntlet_arena_77_two_paths, gauntlet_exit_green]

Skill      XL: |  1  2  3  4  5  6  7  8  9 10 11 |
---------------+----------------------------------+-----
Crossbows      | 5 6 8 9 10 | 10.5
Armour         | 1 3 4 5 7 8 9 10 | 10.4
Short Blades   | 1 2 3 |  3.7
Fighting       | 3 4 5 6 8 9 10 | 10.2
Dodging        | 3 4 5 6 |  6.3
Stealth        | 1 2 3 |  3.4
Long Blades    | 4 8 9 |  9.8
Evocations     | 1 2 |  2.8
Throwing       | |  0.6

Action                   |  1- 3 |  4- 6 |  7- 9 | 10-12 || total
-------------------------+-------+-------+-------+-------++-------
Melee: Short sword       |    71 |    71 |   128 |       ||   270
       Headbutt          |    11 |    28 |    67 |    53 ||   159
       Dagger            |       |   155 |    33 |       ||   188
       Long sword        |       |       |   122 |   215 ||   337
 Fire: Hand crossbow     |     6 |    27 |   145 |    87 ||   265
       Arbalest          |       |       |       |     6 ||     6
Throw: Dart              |       |       |       |     2 ||     2
       Throwing net      |       |       |       |     1 ||     1
Invok: Lunge             |       |     3 |    13 |    12 ||    28
       Whirlwind         |       |     2 |     4 |     7 ||    13
Evoke: Wand              |       |       |     5 |    25 ||    30
  Use: Potion            |       |     4 |     1 |    10 ||    15
       Scroll            |       |     3 |     4 |    15 ||    22
 Stab: Paralysed         |       |       |     7 |     4 ||    11
  Eat: Ration            |     1 |     3 |     3 |     4 ||    11
Armor: Leather armour    |    29 |       |       |       ||    29
       Ring mail         |     3 |    25 |       |       ||    28
       Scale mail        |       |    55 |   153 |   133 ||   341
Dodge: Dodged            |    57 |   118 |   192 |   153 ||   520
       Rpst.: Long sword |       |       |    17 |    47 ||    64

Table legend:
 A = Non-vault XP
 B = Vault XP
 C = Vault XP percentage of total XP
 D = Non-vault monster count
 E = Vault monster count
 F = Vault count percentage of total count
                 A         B        C        D         E       F
            +---------+---------+-------+---------+---------+-------
      Total |    8554 |   10198 |  54.4 |     238 |      55 |  18.8
            +---------+---------+-------+---------+---------+-------
        D:1 |      28 |       0 |   0.0 |      17 |       0 |   0.0
        D:2 |      60 |      40 |  40.0 |      24 |       3 |  11.1
        D:3 |     182 |      39 |  17.6 |      29 |       8 |  21.6
        D:4 |     545 |       0 |   0.0 |      18 |       0 |   0.0
        D:5 |     267 |       0 |   0.0 |      11 |       0 |   0.0
        D:6 |     804 |     947 |  54.1 |      19 |       3 |  13.6
        D:7 |    1629 |       0 |   0.0 |      40 |       0 |   0.0
        D:8 |    1009 |    1185 |  54.0 |      30 |       9 |  23.1
        D:9 |    2044 |       0 |   0.0 |      27 |       0 |   0.0
       D:10 |    1060 |    5503 |  83.8 |      13 |      19 |  59.4
       D:11 |     926 |    1095 |  54.2 |      10 |       1 |   9.1
      Sewer |       0 |     111 | 100.0 |       0 |       6 | 100.0
   Gauntlet |       0 |    1278 | 100.0 |       0 |       6 | 100.0
            +---------+---------+-------+---------+---------+-------
